 Dungeon Crawl Stone Soup version 0.27-a0-550-ge92ec0ca06 (webtiles) character file.

Game seed: 16801388277779983332

16 hobsini the Chucker (level 2, -4/29 HPs)
             Began as an Ogre Hunter on Mar 8, 2021.
             Slain by a hobgoblin
             ... wielding a +0 club
             ... led by Robin
              (9 damage)
             ... on level 2 of the Dungeon.
             The game lasted 00:05:55 (873 turns).

hobsini the Chucker (Ogre Hunter)                    Turns: 873, Time: 00:05:55

Health: -4/29      AC:  3    Str: 15    XL:     2   Next: 58%
Magic:  2/2        EV:  9    Int: 12    God:
Gold:   65         SH:  0    Dex:  9    Spells: 1/1 levels left

rFire    . . .     SeeInvis .   a - +0 short sword
rCold    . . .     Faith    .   (no shield)
rNeg     . . .     Spirit   .   b - +0 robe
rPois    .         Reflect  .   (helmet restricted)
rElec    .         Harm     .   (no cloak)
rCorr    .         Rampage  .   (gloves unavailable)
Will     .....                  (boots unavailable)
Stlth    +.........             (no amulet)
HPRegen  0.09/turn              (no ring)
MPRegen  0.08/turn              (no ring)

@: confused, ambrosia-drunk
A: large, unfitting armour, tough skin 1
a: no special abilities


You were on level 2 of the Dungeon.
You visited 1 branch of the dungeon, and saw 2 of its levels.

You collected 65 gold pieces.

Inventory:

Hand Weapons
 a - a +0 short sword (weapon)
 g - a +0 dagger
 m - a +0 mace
Missiles
 c - 5 large rocks (quivered)
 d - 2 throwing nets
 i - 3 boomerangs
 k - 33 bolts
 q - 3 stones
Armour
 b - a +0 robe (worn)
 j - a +0 robe
 r - a +0 scale mail
Jewellery
 e - a +6 ring of intelligence
Scrolls
 f - 2 scrolls of teleportation {unknown}
 l - 2 scrolls of identify {unknown}
 o - a scroll of amnesia {unknown}
 p - a scroll of enchant armour {unknown}
Potions
 n - a potion of flight {unknown}


   Skills:
 + Level 2.8 Fighting
 + Level 0.1 Short Blades
 + Level 4.6 Throwing
 + Level 1.8 Dodging
 + Level 0.6 Stealth


You had one spell level left.
You didn't know any spells.
Your spell library was empty.

Dungeon Overview and Level Annotations

Branches:
Dungeon (2/15)

Altars:

Annotations:
D:2 Robin


Innate Abilities, Weirdness & Mutations

You are too large for most types of armour.
You have tough skin. (AC +1)


Message History

You closely miss the kobold. The kobold hits you.
* * * LOW HITPOINT WARNING * * *
You hit the kobold but do no damage. The kobold closely misses you.
You barely miss the kobold. The kobold barely misses you.
You barely miss the kobold. The kobold hits you.
* * * LOW HITPOINT WARNING * * *
Robin of the Strong Arm comes into view.
They are wielding a +1 dagger of draining.
You hit the kobold.
You kill the kobold!
A hobgoblin comes into view.
The hobgoblin shouts!
You hear a shout! x3
A goblin comes into view.
The hobgoblin moves out of view.
You hear a shout!
Things that are here:
5 stones; a +0 club 3 goblins and 3 hobgoblins come into view.
A goblin is wielding a +0 dagger of venom.
The goblin shouts!
The hobgoblin shouts! x2; The goblin shouts! x2
A goblin comes into view. It is wielding a +0 club.
The hobgoblin moves out of view. x2
You see here a +0 scale mail.
r - a +0 scale mail Robin roars a battlecry!
The goblins go into a battle-frenzy!
The goblin shouts!
Robin roars a battlecry!
Things that are here:
5 stones; a +0 club Robin throws the goblin at you!
* * * LOW HITPOINT WARNING * * *
You hit the goblin.
The goblin is heavily wounded.
The goblin hits you but does no damage. The hobgoblin barely misses you.
It was a potion of ambrosia.
You are confused.
You feel invigorated. The goblin hits you with a +0 club.
* * * LOW HITPOINT WARNING * * *
The hobgoblin hits you with a +0 club!
You die...

#...........
#..#.########## ##
#..#.# #. . #..#.#
#.##. #..#.#
#.....#..#.# #..#
...#.# #..#####.#.#
#ggg@g.....######.
#..g..######..........
#..... #########..
#...g.. #.....g
#.####g . .g ..


You could see Robin, 3 hobgoblins and a goblin (strong).

Vanquished Creatures
  A giant cockroach (D:1)
  3 hobgoblins
  2 kobolds
  A ball python (D:1)
  A bat (D:1)
  2 frilled lizards (D:1)
  4 goblins (D:1)
  2 rats (D:1)
16 creatures vanquished.

Notes
Turn   | Place    | Note
-------+----------+-------------------------------------------
     0 | D:1      | hobsini the Ogre Hunter began the quest for the Orb.
     0 | D:1      | Reached XP level 1. HP: 22/22 MP: 1/1
   315 | D:1      | Reached XP level 2. HP: 21/29 MP: 2/2
   865 | D:2      | Noticed Robin
   873 | D:2      | Slain by a hobgoblin

Illustrated notes

Levels and vault maps discovered:
D:1:      minmay_arrival_open_corners, layout_loops_ring, hangedman_decor_push
D:2:      layout_basic, uniq_robin

Action                   || total
-------------------------++-------
Melee: Short sword       ||    85
  Use: Potion            ||     1
Armor: Robe              ||    19
Dodge: Dodged            ||    40

Table legend: (Time is in decaauts)
 A = Elapsed time spent in this place.
 B = Non-inter-level travel time spent in this place.
 C = Inter-level travel time spent in this place.
 D = Time resting spent in this place.
 E = Time spent auto-exploring this place.
 F = Levels seen in this place.
 G = Mean time per level.
                   A        B        C        D        E       F      G
               +--------+--------+--------+--------+--------+-----+--------+
         Total |    880 |    880 |      0 |      0 |      0 |   2 |  440.0 |
       Dungeon |    880 |    880 |      0 |      0 |      0 |   2 |  440.0 |
               +--------+--------+--------+--------+--------+-----+--------+

Top non-repeatable levels by time:
     D:1: 815 daAuts
     D:2: 64 daAuts
